 Dungeon Crawl Stone Soup version 0.28.0-43-g3370ac3207 (webtiles) character file.

Game seed: 6453628081335458208

1811 CryoSword the Geomancer (level 9, -1/54 HPs)
             Began as a Gargoyle Earth Elementalist on Mar 14, 2022.
             Was an Initiate of Dithmenos.
             Killed from afar by a steam dragon (10 damage)
             ... with a ball of steam
             ... on level 6 of the Dungeon.
             The game lasted 00:15:29 (7007 turns).

CryoSword the Geomancer (GrEE)                      Turns: 7007, Time: 00:15:30

Health: -1/54      AC: 14    Str: 19    XL:     9   Next: 10%
Magic:  9/22       EV:  9    Int: 17    God:    Dithmenos [......]
Gold:   342        SH:  7    Dex: 12    Spells: 8/14 levels left

rFire   . . .      SeeInvis .   z - +2 dagger (venom)
rCold   . . .      Faith    .   v - +0 kite shield
rNeg    + . .      Spirit   .   e - +0 acid dragon scales
rPois   ∞          Reflect  .   (no helmet)
rElec   +          Harm     .   (no cloak)
rCorr   +          Rampage  .   u - +1 Delatra's gloves {ID++}
Will    .....                   (no boots)
Stlth   ++........              n - amulet of regeneration
HPRegen 0.98/turn               o - +6 ring of strength
MPRegen 0.18/turn               i - ring of magical power

@: no status effects
A: sickness immunity, AC +6, negative energy resistance 1, electricity
resistance, torment resistance 1, petrification resistance
a: Renounce Religion


You were on level 6 of the Dungeon.
You worshipped Dithmenos.
Dithmenos was noncommittal.
You visited 2 branches of the dungeon, and saw 7 of its levels.

You collected 358 gold pieces.
You spent 16 gold pieces at shops.

Inventory:

Hand Weapons
 z - a +2 dagger of venom (weapon)
   (You took it off an orc wizard on level 6 of the Dungeon)
Missiles
 c - 12 stones
 t - a boomerang of dispersal {!f}
 y - a throwing net
 A - 3 datura-tipped darts (quivered)
Armour
 e - +0 acid dragon scales (worn)
   (You took it off Maggie on level 6 of the Dungeon)
 u - the +1 Delatra's gloves (worn) {ID++}
   (You found it on level 5 of the Dungeon)

   It heals its wearer when they drink unknown potions.
   It restores its wearer's MP when they read unknown scrolls.
 v - a +0 kite shield (worn)
   (You took it off a gnoll sergeant on level 5 of the Dungeon)
Jewellery
 i - a ring of magical power (right hand)
   (You found it on level 2 of the Dungeon)
 n - an amulet of regeneration (around neck)
   (You found it on level 4 of the Dungeon)
 o - a +6 ring of strength (left hand)
   (You found it on level 3 of the Dungeon)
Scrolls
 b - 2 scrolls of amnesia {unknown}
 h - 3 scrolls of fog {unknown}
 j - a scroll of blinking {unknown}
 k - a scroll of enchant weapon {unknown}
 l - 2 scrolls of summoning {unknown}
 m - a scroll of noise {unknown}
 p - a scroll of identify {@r1}
 r - a scroll of torment {unknown}
 w - a scroll of magic mapping {unknown}
Potions
 a - a potion of magic
 d - a potion of berserk rage {unknown}
 f - 2 potions of lignification {!q}
 g - a potion of curing {unknown}
 q - a potion of flight {unknown}
 s - 2 potions of brilliance {unknown}
 x - 2 potions of might {unknown}


   Skills:
 + Level 5.1 Fighting
 + Level 2.2 Dodging
 + Level 3.4 Stealth
 * Level 0.4 Shields
 - Level 3.0 Spellcasting
 + Level 6.5 Conjurations
 - Level 1.6 Transmutations
 + Level 8.8 Earth Magic
 + Level 2.0 Invocations


You had 8 spell levels left.
You knew the following spells:

 Your Spells              Type           Power      Damage    Failure   Level
a - Sandblast             Erth           64%        2d14      2%          1
b - Passwall              Tmut/Erth      16%        N/A       14%         2
c - Stone Arrow           Conj/Erth      56%        3d10      11%         3

Your spell library contained the following spells:

 Spells                   Type           Power      Damage    Failure   Level
 Foxfire                  Conj/Fire      52%        2x1d6     22%         1
 Conjure Flame            Conj/Fire      13%        6-21      54%         3
 Slow                     Hex            8%         N/A       63%         1
 Petrify                  Tmut/Erth      20%        N/A       67%         4
 Flame Wave               Conj/Fire      13%        2d6       91%         4
 Confusing Touch          Hex            2%         N/A       94%         3
 Inner Flame              Hex/Fire       2%         N/A       94%         3
 Vampiric Draining        Necr           2%         2d6       94%         3


Dungeon Overview and Level Annotations

Branches:
Dungeon (6/15)             Temple (1/1) D:6

Altars:
Dithmenos
Elyvilon
Gozag
Hepliaklqana
Kikubaaqudgha
Makhleb
Okawaru
Qazlal
Ru
Sif Muna
Uskayaw
Xom
Yredelemnul
Zin

Shops:
D:2 (

Annotations:
D:5 2 transporters


Innate Abilities, Weirdness & Mutations

You are immune to sickness and miasma.
Your stone body is resilient. (AC +6)
You are immune to poison.
You resist negative energy. (rN+)
You are resistant to electric shocks. (rElec)
You are resistant to unholy torment.
You are immune to petrification.


Message History

You hit the gnoll sergeant.
The gnoll sergeant looks as sick as possible!
The gnoll sergeant hits you with a +0 spear!
The gnoll sergeant hits you from afar with a +0 spear.
Aim: a gnoll sergeant, wielding a +0 spear, wearing a +0 scale mail and wearing a +0 kite shield (heavily wounded, extremely poisoned, 83% to hit)
The stone arrow hits the gnoll sergeant!
The gnoll sergeant hits you from afar with a +0 spear.
Aim: a gnoll sergeant, wielding a +0 spear, wearing a +0 scale mail and wearing a +0 kite shield (almost dead, extremely poisoned, 83% to hit)
The gnoll sergeant blocks the stone arrow.
You kill the gnoll sergeant!
Dithmenos accepts your kill.
There is a stone staircase leading down here.
You start resting.
You start resting.
Items here: ) [[ †.
v - a +0 kite shield
There is a stone staircase leading down here.
You start putting on your armour.
You continue putting on your +0 kite shield. x4
You finish putting on your +0 kite shield.
You climb downwards.
The gnoll shouts!
There is a stone staircase leading up here.
You closely miss the gnoll. The gnoll hits you but does no damage.
You hit the gnoll but do no damage.
The gnoll is poisoned.
You block the gnoll's attack.
You barely miss the gnoll. The gnoll barely misses you.
The gnoll closely misses you. The gnoll hits you but does no damage.
You hit the gnoll.
The gnoll looks as sick as possible!
You block the gnoll's attack. x2
You hit the gnoll.
The gnoll looks as sick as possible!
You kill the gnoll!
Dithmenos accepts your kill.
The gnoll hits you from afar with a +0 spear.
The gnoll hits you but does no damage.
You see here a +0 whip.
You barely miss the gnoll. The gnoll hits you but does no damage.
You barely miss the gnoll. The gnoll barely misses you.
You hit the gnoll but do no damage.
The gnoll is poisoned.
You block the gnoll's attack. The gnoll completely misses you.
You hit the gnoll but do no damage.
The gnoll looks even sicker.
The gnoll hits you but does no damage.
You hit the gnoll but do no damage.
The gnoll looks as sick as possible!
The gnoll misses you.
You closely miss the gnoll. You block the gnoll's attack.
You hit the gnoll. The gnoll hits you but does no damage.
You closely miss the gnoll. The gnoll hits you with a +0 spear.
You block the gnoll's attack.
You closely miss the gnoll. The gnoll barely misses you.
You hit the gnoll.
You kill the gnoll!
Dithmenos accepts your kill.
No target in view!
Things that are here:
a +0 spear; a gnoll corpse A gnoll is nearby!
A gnoll is nearby!
A gnoll is nearby!
You hit the gnoll.
The gnoll is poisoned.
The gnoll hits you but does no damage.
You barely miss the gnoll. The gnoll hits you with a +0 club.
You hit the gnoll.
The gnoll looks as sick as possible!
You block the gnoll's attack.
You closely miss the gnoll. You block the gnoll's attack.
The gnoll hits you but does no damage.
You hit the gnoll.
You kill the gnoll!
Dithmenos accepts your kill.
y - a throwing net You see here a +0 club.
The gnoll shouts!
You block the gnoll's attack.
A gnoll is nearby!
A gnoll is nearby!
You hit the gnoll.
The gnoll is poisoned.
You closely miss the gnoll. The gnoll hits you but does no damage.
The gnoll barely misses you.
You hit the gnoll.
The gnoll looks as sick as possible!
You kill the gnoll!
Dithmenos accepts your kill.
Your Invocations skill increases to level 2!
No target in view!
Things that are here:
a +0 halberd; a gnoll corpse
Things that are here:
a +0 chain mail; a +0 scimitar
Things that are here:
a +0 leather armour; a +0 dagger
A - a datura-tipped dart
A - 2 datura-tipped darts (gained 1)
A - 3 datura-tipped darts (gained 1) Key pressed, stopping explore.
A wight comes into view. It is wielding a +0 dagger.
A wight is nearby!
A wight is nearby!
An adder, a steam dragon and 2 wights come into view.
Found a stone staircase leading up.
The steam dragon breathes steam at you. The ball of steam hits you.
You are engulfed in a cloud of scalding steam.
The steam dragon breathes steam at you. The ball of steam hits you!
The wight is engulfed in a cloud of scalding steam.
Aim: a wight, wielding a +0 dagger and wearing a +0 robe (heavily damaged, 71% to hit)
The stone arrow hits the wight!
You destroy the wight!
Dithmenos accepts your kill.
Aim: a steam dragon (71% to hit)
The stone arrow hits the steam dragon!
Aim: a steam dragon (heavily wounded, 71% to hit)
You miscast Stone Arrow.
You are very lightly contaminated with residual magic.
Nothing appears to happen.
The steam dragon bites you but does no damage.
The steam dragon barely misses you.
Aim: a steam dragon (heavily wounded, 71% to hit)
The stone arrow misses the steam dragon.
The stone arrow misses the wight.
The steam dragon breathes steam at you. The ball of steam misses you.
You hear an angry hiss.
You hit the steam dragon but do no damage.
You are engulfed in a cloud of scalding steam.
The steam dragon bites you but does no damage.
The steam dragon claws you but does no damage.
You barely miss the steam dragon.
You are engulfed in a cloud of scalding steam.
The steam dragon closely misses you. The steam dragon completely misses you.
You closely miss the steam dragon. The steam dragon barely misses you.
The steam dragon claws you.
The steam dragon bites you but does no damage.
The steam dragon barely misses you.
You closely miss the steam dragon. The steam dragon breathes steam at you.
The ball of steam hits you!!
* * * LOW HITPOINT WARNING * * *
You closely miss the steam dragon.
You are engulfed in a cloud of scalding steam.
* * * LOW HITPOINT WARNING * * *
The steam dragon bites you but does no damage.
The steam dragon closely misses you.
You are engulfed in a cloud of scalding steam.
* * * LOW HITPOINT WARNING * * *
Your magical contamination has completely faded away.
Okay, then.
Aim: a steam dragon (steam, heavily wounded, 71% to hit)
The stone arrow misses the steam dragon.
The steam dragon breathes steam at you. The ball of steam hits you!
You die...

#....##.⌠...⌠.#........
#....##..z....#........
#...###.⌠...⌠.#.....##.
##.## #.......#...#.##.
#.# #.⌠.D.⌠.##.......
#.# #.......#####.###
#.# #####.#### .### #.#
#.DzS...# #...
#.###@####### .##
#.....# # ####### # #
.## #... #### # # #####


You could see a steam dragon (catching breath), a wight and an adder.

Vanquished Creatures
  Maggie (D:6)
  2 water moccasins
  2 black bears
  A necrophage (D:6)
  2 orc warriors
  A phantom (D:4)
  A bullfrog (D:6)
  A gnoll sergeant (D:5)
  A water moccasin skeleton (D:5)
  A wight (D:6)
  A bullfrog skeleton (D:5)
  An orc priest (D:6)
  A centaur skeleton (D:4)
  3 iguanas
  5 orc wizards
  A killer bee zombie (D:5)
  A howler monkey zombie (D:6)
  2 adders
  4 gnolls (D:6)
  A howler monkey skeleton (D:5)
  2 ufetubi (D:5)
  3 worms
  3 dart slugs
  11 orcs
  11 endoplasms
  4 giant cockroaches
  7 goblins
  4 hobgoblins
  9 jackals
  3 quokkas
  6 ball pythons
  9 bats
  3 frilled lizards
  7 kobolds
  A quokka skeleton (D:4)
  3 rats
119 creatures vanquished.

Vanquished Creatures (collateral kills)
  An orc priest (D:6)
  A jelly (D:5)
  8 orcs
10 creatures vanquished.

Vanquished Creatures (others)
  An orc wizard (D:5)
  2 orcs
3 creatures vanquished.

Grand Total: 132 creatures vanquished

Notes
Turn   | Place    | Note
-------+----------+-------------------------------------------
     0 | D:1      | CryoSword the Gargoyle Earth Elementalist began the quest
                  | for the Orb.
     0 | D:1      | Reached XP level 1. HP: 10/10 MP: 3/3
   139 | D:1      | Reached skill level 1 in Transmutations
   139 | D:1      | Reached XP level 2. HP: 14/16 MP: 0/5
   224 | D:1      | Reached skill level 4 in Earth Magic
   532 | D:1      | Reached skill level 1 in Fighting
   665 | D:1      | Reached XP level 3. HP: 20/20 MP: 4/6
  1732 | D:2      | Found a faded altar of an unknown god.
  1824 | D:2      | Reached XP level 4. HP: 25/25 MP: 4/7
  1981 | D:2      | Found Estraykh's Weapon Shop.
  2006 | D:2      | Bought 14 stones for 16 gold pieces
  2754 | D:2      | Learned a level 2 spell: Passwall
  2758 | D:2      | Learned a level 3 spell: Stone Arrow
  3518 | D:4      | Noticed a phantom
  3531 | D:4      | Killed a phantom
  3532 | D:4      | Reached skill level 1 in Conjurations
  3532 | D:4      | Reached skill level 5 in Earth Magic
  3532 | D:4      | Reached XP level 5. HP: 23/30 MP: 8/8
  3659 | D:4      | Noticed a water moccasin
  3665 | D:4      | Killed a water moccasin
  3666 | D:4      | Reached XP level 6. HP: 28/36 MP: 10/10
  4141 | D:4      | Found a hazy altar of Hepliaklqana.
  4267 | D:4      | Found a shimmering blue altar of Sif Muna.
  4419 | D:5      | Entered Level 5 of the Dungeon
  4440 | D:5      | Reached skill level 6 in Earth Magic
  4534 | D:5      | Found a transporter.
  4562 | D:5      | Found a transporter.
  4571 | D:5      | Noticed a black bear
  4579 | D:5      | Killed a black bear
  4580 | D:5      | Reached XP level 7. HP: 39/41 MP: 11/11
  5261 | D:5      | Reached skill level 7 in Earth Magic
  5322 | D:5      | Found a white marble altar of Elyvilon.
  5571 | D:5      | Reached skill level 5 in Conjurations
  5571 | D:5      | Reached XP level 8. HP: 43/48 MP: 3/12
  5692 | D:5      | Found the +1 Delatra's gloves {ID++}
  5917 | D:6      | Noticed Maggie
  5933 | D:6      | Killed Maggie
  5934 | D:6      | Reached skill level 8 in Earth Magic
  6081 | D:6      | Found a staircase to the Ecumenical Temple.
  6094 | Temple   | Entered the Ecumenical Temple
  6103 | Temple   | Became a worshipper of Dithmenos the Shadowed
  6246 | D:6      | Reached skill level 1 in Invocations
  6462 | D:6      | Found an iron altar of Okawaru.
  6472 | D:6      | Reached skill level 5 in Fighting
  6630 | D:6      | Reached XP level 9. HP: 54/54 MP: 13/13
  7007 | D:6      | Killed from afar by a steam dragon

Illustrated notes

Levels and vault maps discovered:
D:1:      minmay_arrival_wavy_path, layout_basic, minivault_24, chequers_avenue,
          minmay_surrounded
D:2:      minmay_chambers_of_twos, layout_basic, serial_shops,
          nicolae_shop_bloodbath_and_beyond,
          chequers_ecumenical_altar_simple_redux, hex_tiny
D:3:      layout_basic
D:4:      layout_loops_ring, nicolae_overflow_hidden_temple,
          worldfamousw_hep_ancestral_shrine
D:5:      gammafunk_steamed_eel, layout_basic, mainiacjoe_overflow_chevrons,
          pf_guarded_unrand_delatra
D:6:      layout_loops_cross, mainiacjoe_overflow_paths,
          minmay_temple_entry_trees, grunt_ministairs_3, uniq_maggie
Temple:   eino_temple_lava

Skill      XL: |  1  2  3  4  5  6  7  8  9 |
---------------+----------------------------+-----
Transmutations | 1 |  1.6
Earth Magic    | 4 5 6 7 8 |  8.8
Fighting       | 1 2 3 5 |  5.1
Conjurations   | 1 2 3 5 6 |  6.5
Spellcasting   | 3 |  3.0
Invocations    | 1 2 |  2.0
Dodging        | 2 |  2.2
Stealth        | 3 |  3.4
Shields        | |  0.4

Action                   |  1- 3 |  4- 6 |  7- 9 || total
-------------------------+-------+-------+-------++-------
Melee: Unarmed           |     7 |       |       ||     7
       Club              |     4 |       |       ||     4
       Whip              |    21 |     5 |    28 ||    54
       Punch             |     1 |       |       ||     1
       Dagger            |       |       |    64 ||    64
Throw: Dart              |       |     2 |    11 ||    13
 Cast: Sandblast         |    53 |    67 |    30 ||   150
       Stone Arrow       |       |       |    40 ||    40
  Use: Scroll            |     1 |     1 |       ||     2
 Stab: Sleeping          |     2 |       |       ||     2
Armor: Robe              |    31 |    12 |    23 ||    66
       Acid dragon scale |       |       |    35 ||    35
Dodge: Dodged            |    51 |    15 |    58 ||   124
Block: Kite shield       |       |       |     9 ||     9
